AoeStats
← BananaPortControl

Arena

510514078Analyzed
1v1 RM · 1d ago on Oct 1, 2026· 39m 53s· 2 players
Game mode
Random Map
Map size
Tiny (2 player)
Population
200
Speed
Normal
Resources
Standard
Victory
Conquest
Starting age
Dark Age
Ending age
Imperial Age
RankedLock teamsTeams togetherTeam positionsShared explorationLock speedFull tech treeHidden civsTurbo modeCheats
Victory
Defeat
🇨🇳 Burgundians · China
894
+16
🇹🇷 Spanish · Türkiye
891
-26
BananaPortControl
10:01 Feudal Age
12:04 Loom
15:09 Castle Age
13:29 Double-Bit Axe
17:48 Horse Collar
19:48 Heavy Plow
29:05 Imperial Age
27:39 Wheelbarrow
26:49 Town Watch
27:23 Squires
27:25 Loom
28:27 Forging
28:17 Scale Mail Armor
28:23 Scale Barding Armor
28:08 Fletching
28:36 Gold Mining
28:37 Stone Mining
29:48 Elite Conquistador
31:27 Husbandry
31:37 Bloodlines
30:48 Light Cavalry
32:22 Ballistics
33:02 Chemistry
35:14 Pikeman
36:47 Halberdier
40:01 Gambesons
39:37 Man-at-Arms
Panacea
7:38 Wheelbarrow
7:01 Double-Bit Axe
10:07 Feudal Age
15:53 Castle Age
14:37 Bow Saw
20:03 Horse Collar
20:16 Loom
26:10 Heavy Plow
29:13 Imperial Age
27:00 Town Watch
27:18 Scale Mail Armor
28:49 Two-Man Saw
31:25 Chemistry
31:29 Masonry
32:17 Ballistics
33:47 Caravan
35:44 Murder Holes
37:53 Chain Mail Armor
37:49 Forging
37:47 Fletching
37:42 Elite Skirmisher
38:33 Scale Barding Armor
39:07 Architecture
39:02 Hand Cart
39:55 Conscription
Connection lost

Rejoining the realm…

Still unreachable

The connection could not be restored.

Session expired

The server has moved on; the page needs a fresh start.